 Dungeon Crawl Stone Soup version 0.28-a0-1447-ga5a8893891 (webtiles) character file.

Game seed: 17665240764784944651

3802 dolemite99 the Cleaver (level 9, -9/70 HPs)
             Began as a Minotaur Fighter on Jan 11, 2022.
             Was a Priest of Makhleb.
             Killed from afar by Erica (14 damage)
             ... with an iceblast
             ... on level 8 of the Dungeon.
             The game lasted 00:09:23 (11337 turns).

dolemite99 the Cleaver (Minotaur Fighter)          Turns: 11337, Time: 00:09:24

Health: -9/70      AC: 16    Str: 25    XL:     9   Next: 96%
Magic:  13/13      EV:  7    Int:  5    God:    Makhleb [***...]
Gold:   382        SH:  9    Dex: 10    Spells: 8/8 levels left

rFire   + . .      SeeInvis .   a - +2 war axe (flame)
rCold   . . .      Faith    .   c - +0 buckler
rNeg    . . .      Spirit   .   v - +1 chain mail {rF+}
rPois   .          Reflect  +   (helmet restricted)
rElec   .          Harm     .   (no cloak)
rCorr   .          Rampage  ∞   o - +1 pair of gloves
Will    .....                   z - +3 pair of seven-league boots {Rampage+∞}
Stlth   ..........              g - amulet of reflection
HPRegen 0.21/turn               (no ring)
MPRegen 0.13/turn               (no ring)

@: lethally poisoned (-9 -> -27)
A: horns 2, retaliatory headbutt
a: Renounce Religion, Minor Destruction, Lesser Servant of Makhleb


You were on level 8 of the Dungeon.
You worshipped Makhleb.
Makhleb was most pleased with you.
You visited 1 branch of the dungeon, and saw 8 of its levels.

You collected 382 gold pieces.

Inventory:

Hand Weapons
 a - a +2 war axe of flaming (weapon)
 l - a +0 arbalest
 s - the +7 staff of the Meek {protect, meekguard}
   (You found it on level 5 of the Dungeon)

   It grants its wielder temporary protection when it strikes (+7 to AC).
   It provides extra protection to wielders with little health.
 u - a +3 flail of draining
 y - a +2 flail of draining
 A - a +0 war axe
Missiles
 e - a silver boomerang (quivered)
 j - 50 poisoned darts
 m - 106 arrows
 n - 7 javelins
 q - 207 stones
 w - 83 bolts
Armour
 b - a +0 scale mail
 c - a +0 buckler (worn)
 o - a +1 pair of gloves (worn)
 v - a +1 chain mail of fire resistance (worn)
 z - the +3 pair of seven-league boots (worn) {Rampage+∞}
   (You acquired it on level 6 of the Dungeon)

   Its wearer moves as far as possible in that direction when moving towards
   enemies.
Jewellery
 g - an amulet of reflection (around neck)
 k - a ring of positive energy
 C - the amulet of Xixzysemp {Spirit Fragile rF+ rN+++ rCorr}
   (You took it off an orc priest on level 7 of the Dungeon)

   [amulet of guardian spirit]

   It causes incoming damage to be divided between your reserves of health and
   magic.
   rF:        It protects you from fire.
   rN:        It renders you almost immune to negative energy.
   rCorr:     It protects you from acid and corrosion.
   Fragile:   It will be destroyed if unequipped.
Wands
 D - a wand of flame (23)
Scrolls
 f - 2 scrolls of magic mapping
 p - a scroll of fog
 t - 3 scrolls of identify {@r1}
 B - a scroll of teleportation
Potions
 d - a potion of might
 h - a potion of lignification
 i - a potion of cancellation
 r - a potion of curing
 x - a potion of berserk rage


   Skills:
 - Level 3.6 Fighting
 - Level 14.2 Axes
 - Level 3.6 Armour
 - Level 3.6 Shields
 + Level 7.8 Invocations


You had 8 spell levels left.
You didn't know any spells.
Your spell library contained the following spells:

 Spells                   Type           Power      Damage    Failure   Level
 Confusing Touch          Hex            0%         N/A       100%        3
 Yara's Violent Unravell  Hex/Tmut       0%         3d3       100%        5
 Enfeeble                 Hex            0%         N/A       100%        7


Dungeon Overview and Level Annotations

Branches:
Dungeon (8/15)             Temple (0/1) D:6            Lair (0/6) D:8

Altars:
Ashenzari
Fedhas
Makhleb
Okawaru
Qazlal
Trog
Vehumet

Shops:
D:5 [   D:7 =

Annotations:
D:8 Erica


Innate Abilities, Weirdness & Mutations

You have a pair of horns on your head.
You reflexively headbutt those who attack you in melee.


Message History

You barely miss the orc.
The orc is heavily wounded.
You slash the orc! You burn the orc.
You kill the orc!
Makhleb accepts your kill.
You throw a silver boomerang.
You hear some strange, mumbled words.
A lance of force appears from out of thin air!
The lance of force misses you.
You hear some strange, mumbled words.
Something tries to affect you, but you resist.
You throw a silver boomerang.
The silver boomerang hits the wight but does no damage.
The wight is lightly damaged.
You hear a zap.
An iceblast appears from out of thin air!
The mass of ice explodes!
The iceblast engulfs you.
The iceblast engulfs something!
You throw a silver boomerang.
You hear some strange, mumbled words.
A bolt of poison appears from out of thin air!
The bolt of poison hits you!
You are poisoned.
Something hits you! Something burns you.
You are too injured to fight recklessly!
Something unexpectedly blocked you, preventing you from rampaging!
You slash something! You burn something. You headbutt something!
You feel sick.
You hear some strange, mumbled words.
A bolt of poison appears from out of thin air!
The bolt of poison hits you!!
You are more poisoned.
* * * LOW HITPOINT WARNING * * *
Something unexpectedly blocked you, preventing you from rampaging!
You miss something. Your headbutt misses something.
* * * LOW HITPOINT WARNING * * *
You feel very sick.
You hear a zap.
An iceblast appears from out of thin air!
The mass of ice explodes!
The iceblast engulfs you!
You die...

###(#..)).# .#
z.z...).)# .#
.##.###!.# .# #..# .#
#.###..# .# #...ozz# .#
#####{## .## #{#
..####### ###@#
........# ###...#####
..#####.####...........
.$##.<...)))......####.
..##.##.####......#
(.##.##.# #.#...##
..##.##.# #.#.###
........# #.#.#
.###.#### #...#


You could see 2 wights and an orc.

Vanquished Creatures
  A two-headed ogre (D:8)
  A troll (D:8)
  Edmund (D:5)
  3 water moccasins
  2 black bears
  A sky beast (D:7)
  2 orc warriors
  A wolf (D:8)
  A kobold brigand (D:8)
  2 phantoms
  4 scorpions
  A wyvern skeleton (D:7)
  A water moccasin skeleton (D:4)
  9 killer bees
  5 wights (D:7)
  3 electric eels (D:8)
  A bullfrog zombie (D:5)
  A centaur zombie (D:8)
  6 hounds
  A centaur skeleton (D:6)
  3 orc priests (D:7)
  Jessica (D:3)
  An iguana (D:4)
  5 orc wizards
  Robin (D:3)
  4 adders
  A howler monkey skeleton (D:7)
  A white imp (D:7)
  An ufetubus (D:5)
  4 worms
  3 dart slugs
  19 orcs
  4 ball pythons
  3 bats
  6 endoplasms
  12 goblins
  10 hobgoblins
  3 jackals (D:2)
  15 kobolds
  2 quokkas
  4 frilled lizards
  7 rats
157 creatures vanquished.

Vanquished Creatures (others)
  A kobold brigand (D:7)
  An orc (D:8)
  A kobold (D:7)
3 creatures vanquished.

Grand Total: 160 creatures vanquished

Notes
Turn   | Place    | Note
-------+----------+-------------------------------------------
     0 | D:1      | dolemite99 the Minotaur Fighter began the quest for the
                  | Orb.
     0 | D:1      | Reached XP level 1. HP: 19/19 MP: 0/0
   201 | D:1      | Found Fuawem's General Store.
   221 | D:1      | Reached skill level 3 in Axes
   249 | D:1      | Reached XP level 2. HP: 26/26 MP: 1/1
   912 | D:1      | Reached skill level 4 in Axes
  1259 | D:2      | Reached XP level 3. HP: 31/31 MP: 2/2
  1663 | D:2      | Found a faded altar of an unknown god.
  1670 | D:2      | Prayed at the altar of an unknown god.
  1670 | D:2      | Became a worshipper of Makhleb the Destroyer
  1670 | D:2      | Reached * piety under Makhleb
  1718 | D:2      | Reached skill level 5 in Axes
  2081 | D:3      | Found a radiant altar of Vehumet.
  2081 | D:3      | Noticed Robin
  2093 | D:2      | Reached XP level 4. HP: 37/39 MP: 3/3
  2284 | D:3      | Killed Robin
  2327 | D:3      | Noticed Jessica
  2332 | D:3      | Killed Jessica
  2333 | D:3      | Reached skill level 6 in Axes
  2443 | D:3      | Reached XP level 5. HP: 45/45 MP: 4/4
  2444 | D:3      | Reached ** piety under Makhleb
  2472 | D:3      | Found a stormy altar of Qazlal.
  3152 | D:4      | Reached skill level 7 in Axes
  3164 | D:4      | Found an iron altar of Okawaru.
  3552 | D:4      | Noticed a phantom
  3566 | D:4      | Killed a phantom
  3567 | D:4      | Reached XP level 6. HP: 31/51 MP: 5/5
  4084 | D:4      | Found a blossoming altar of Fedhas.
  4084 | D:4      | Found a broken altar of Ashenzari.
  4117 | D:4      | Reached skill level 8 in Axes
  4354 | D:5      | Entered Level 5 of the Dungeon
  4354 | D:5      | Found Rynk's Armour Emporium.
  4427 | D:5      | Found the +7 staff of the Meek {protect, meekguard}
  4604 | D:5      | Noticed a water moccasin
  4613 | D:5      | Killed a water moccasin
  4614 | D:5      | Reached skill level 9 in Axes
  4614 | D:5      | Reached XP level 7. HP: 42/57 MP: 6/6
  4758 | D:5      | Noticed Edmund
  4771 | D:5      | Killed Edmund
  4772 | D:5      | Reached skill level 10 in Axes
  5735 | D:6      | Reached skill level 11 in Axes
  6010 | D:6      | Identified a scroll of acquirement
  6010 | D:6      | Acquired the +3 pair of seven-league boots {Rampage+∞}
  6010 | D:6      | Found the +3 pair of seven-league boots {Rampage+∞}
  6160 | D:6      | Found a staircase to the Ecumenical Temple.
  6303 | D:6      | Reached XP level 8. HP: 61/64 MP: 7/7
  6751 | D:7      | Reached skill level 12 in Axes
  7005 | D:7      | Reached skill level 13 in Axes
  7313 | D:7      | Found a bloodstained altar of Trog.
  8453 | D:7      | Reached skill level 14 in Axes
  8453 | D:7      | Reached XP level 9. HP: 69/70 MP: 8/8
  8922 | D:7      | Found Pineegal's Jewellery Shop.
  8924 | D:7      | Identified the amulet of Xixzysemp {Spirit Fragile rF+
                  | rN+++ rCorr}
  8950 | D:7      | Reached skill level 1 in Invocations
  9512 | D:8      | Noticed a two-headed ogre
  9523 | D:8      | Killed a two-headed ogre
  9866 | D:8      | Reached skill level 5 in Invocations
 10109 | D:8      | Found a staircase to the Lair.
 10109 | D:8      | Reached *** piety under Makhleb
 10606 | D:8      | Noticed a troll
 10631 | D:8      | Killed a troll
 11319 | D:8      | Noticed Erica
 11337 | D:8      | Killed from afar by Erica

Illustrated notes

Levels and vault maps discovered:
D:1:      onia_arrival_mini_maze, layout_basic, serial_shops,
          nicolae_diamond_shop
D:2:      layout_loops_ring, ebering_ecumenical_altar_mist
D:3:      layout_basic, grunt_qazlal_clouds,
          mainiacjoe_overflow_small_starburst, uniq_jessica, uniq_robin
D:4:      layout_loops_ring, lemuel_doored_altar, gammafunk_temple_overflow_wave
D:5:      layout_loops_ring, serial_shops, nicolae_stop_n_shop_1, uniq_edmund
D:6:      layout_loops_ring, lemuel_temple_firewalk_b
D:7:      layout_layer_cave, mainiacjoe_overflow_surrounded_room, serial_shops,
          shop
D:8:      layout_loops_corners, nemelex_diamond_rough_becter, erik_lair_island,
          uniq_psyche, uniq_pikel, uniq_erica

Skill      XL: |  1  2  3  4  5  6  7  8  9 |
---------------+----------------------------+-----
Axes           | 3 4 5 6 7 9 11 14 | 14.2
Invocations    | 7 |  7.8
Fighting       | |  3.6
Armour         | |  3.6
Shields        | |  3.6

Action                   |  1- 3 |  4- 6 |  7- 9 || total
-------------------------+-------+-------+-------++-------
Melee: War axe           |    69 |    73 |   184 ||   326
       Headbutt          |     8 |     8 |    26 ||    42
Throw: Boomerang         |    28 |    13 |    67 ||   108
Invok: Minor Destruction |       |       |    16 ||    16
  Use: Scroll            |       |     9 |     7 ||    16
Armor: Scale mail        |    18 |    22 |     3 ||    43
       Chain mail        |       |       |    86 ||    86
Dodge: Dodged            |    17 |    20 |    36 ||    73
Block: Buckler           |    37 |    35 |    93 ||   165
       Reflection        |       |     1 |     6 ||     7

Table legend: (Time is in decaauts)
 A = Elapsed time spent in this place.
 B = Non-inter-level travel time spent in this place.
 C = Inter-level travel time spent in this place.
 D = Time resting spent in this place.
 E = Time spent auto-exploring this place.
 F = Levels seen in this place.
 G = Mean time per level.
                   A        B        C        D        E       F      G
               +--------+--------+--------+--------+--------+-----+--------+
         Total |  11397 |  10851 |    546 |   4174 |   5323 |   8 | 1424.6 |
       Dungeon |  11397 |  10851 |    546 |   4174 |   5323 |   8 | 1424.6 |
               +--------+--------+--------+--------+--------+-----+--------+

Top non-repeatable levels by time:
     D:7: 2189 daAuts
     D:8: 1820 daAuts
     D:4: 1379 daAuts
     D:5: 1318 daAuts
     D:6: 1289 daAuts
     D:2: 1238 daAuts
     D:1: 1175 daAuts
     D:3: 987 daAuts
